 Dungeon Crawl Stone Soup version 0.25-a0-1007-g10a8c3c (webtiles) character file.

Game seed: 9719782279972512848, levelgen mode: deterministic

41717 Illumine the Geomancer (level 14, 0/86 HPs)
             Began as a Gargoyle Earth Elementalist on May 10, 2020.
             Was a High Priest of Vehumet.
             Killed from afar by a starcursed mass (7 damage)
             ... with an accursed screaming
             ... on level 2 of the Abyss on May 11, 2020.
             The game lasted 01:12:27 (30407 turns).

Illumine the Geomancer (GrEE)                      Turns: 30407, Time: 01:12:27

Health: 0/86       AC: 18    Str: 13    XL:     14   Next: 16%
Magic:  3/26       EV: 15    Int: 20    God:    Vehumet [*****.]
Gold:   2314       SH:  0    Dex: 10    Spells: 4/30 levels left

rFire    + . .     SeeInvis +   c - +1 lajatang (flame)
rCold    + + .     Gourm    +   (shield currently unavailable)
rNeg     + . .     Faith    .   G - +0 robe {rC+ rF+}
rPois    ∞         Spirit   .   n - +0 helmet
rElec    +         Reflect  .   F - +2 cloak {rC+}
rCorr    .         Harm     .   (no gloves)
MR       ++...                  T - +0 pair of boots
Stlth    ++........             y - amulet of the gourmand
HPRegen  0.24/turn              w - ring of protection from magic
MPRegen  0.20/turn              A - ring of see invisible

@: about to teleport
A: big wings, negative energy resistance 1, electricity resistance, unbreathing,
petrification resistance, rot immunity, AC +10
a: Fly, Renounce Religion


You were on level 2 of the Abyss.
You worshipped Vehumet.
Vehumet was extremely pleased with you.
You were full.

You visited 3 branches of the dungeon, and saw 19 of its levels.
You visited the Abyss 1 time.
You also visited: Ossuary, Ice Cave and Volcano.

You collected 2314 gold pieces.

Inventory:

Hand Weapons
 c - a +1 lajatang of flaming (weapon)
 i - a +1 whip of electrocution
 C - a +3 battleaxe of electrocution
Missiles
 Q - 21 stones (quivered)
Armour
 f - a +2 scale mail of fire resistance
 n - a +0 helmet (worn)
 F - a +2 cloak of cold resistance (worn)
 G - a +0 robe of resistance (worn)
 T - a +0 pair of boots (worn)
 Y - a +2 kite shield of cold resistance
Jewellery
 p - an uncursed ring of positive energy
 v - a +6 ring of strength
 w - a ring of protection from magic (left hand)
 y - an amulet of the gourmand (around neck)
 A - a ring of see invisible (right hand)
 O - an uncursed ring of flight
 R - the ring "Rozoxke" {rCorr Dex+2}
   (You found it on level 9 of the Dungeon)

   [ring of resist corrosion]

   It affects your dexterity (+2).
   It provides partial protection from all sources of acid and corrosion.
 U - an uncursed ring of fire
Wands
 o - a wand of enslavement (4)
 B - a wand of iceblast (3)
 D - a wand of digging (3)
 N - a wand of clouds (4)
 V - a wand of acid (15)
 Z - a wand of flame (8)
Scrolls
 b - 2 scrolls of fear
 e - 3 scrolls of fog
 g - 7 scrolls of remove curse
 h - 2 scrolls of immolation
 j - a scroll of identify
 m - 3 scrolls of enchant armour
 s - 2 scrolls of teleportation
 x - 3 scrolls of blinking
 H - 2 scrolls of brand weapon
 I - 3 scrolls of enchant weapon
 K - a scroll of acquirement {unknown}
 P - 3 scrolls of amnesia
 X - a scroll of silence {unknown}
Potions
 a - 6 potions of curing
 l - 4 potions of resistance
 q - 7 potions of mutation
 r - 5 potions of stabbing
 t - 3 potions of cancellation
 u - a potion of brilliance
 z - 3 potions of flight
 E - 2 potions of magic
 J - 2 potions of heal wounds
 L - 5 potions of might
 M - a potion of berserk rage
 S - a potion of invisibility
 W - a potion of haste
Comestibles
 d - 34 rations


   Skills:
 + Level 9.5 Fighting
 - Level 7.0(7.3) Maces & Flails
 * Level 2.7(5.2) Staves
 - Level 6.0 Armour
 + Level 8.2 Dodging
 - Level 2.2 Stealth
 - Level 5.1 Shields
 + Level 8.9 Spellcasting
 + Level 9.9 Conjurations
   Level 3.0 Hexes
 - Level 3.0 Necromancy
   Level 0.7 Transmutations
 + Level 5.6 Fire Magic
 + Level 11.7 Earth Magic
 - Level 1.0 Evocations


You had 4 spell levels left.
You knew the following spells:

 Your Spells              Type           Power        Failure   Level  Hunger
a - Sandblast             Erth           ######       1%          1    None
b - Stone Arrow           Conj/Erth      ######       1%          3    None
c - Lee's Rapid Deconstr  Erth           ######....   1%          5    #####..
d - Borgnjor's Vile Clut  Necr/Erth      #####.....   11%         5    #####..
e - Apportation           Tloc           #.....       8%          1    None
f - Iron Shot             Conj/Erth      ######....   4%          6    ######.
g - Fireball              Conj/Fire      #####.....   2%          5    #####..

Your spell library contained the following spells:

 Spells                   Type           Power        Failure   Level  Hunger
 Fulminant Prism          Conj/Hex       ####......   1%          4    ###....
 Passwall                 Tmut/Erth      ####....     1%          2    None
 Inner Flame              Hex/Fire       ####....     1%          3    None
 Animate Skeleton         Necr           N/A          2%          1    None
 Corona                   Hex            ###....      2%          1    None
 Pain                     Necr           ###.         2%          1    None
 Slow                     Hex            ###.....     3%          2    None
 Leda's Liquefaction      Hex/Erth       #####.....   3%          4    ###....
 Ensorcelled Hibernation  Hex/Ice        ###...       6%          2    None
 Petrify                  Tmut/Erth      ####....     6%          4    ###....
 Vampiric Draining        Necr           ###.......   7%          3    None
 Summon Small Mammal      Summ           #...         8%          1    None
 Portal Projectile        Hex/Tloc       ###...       12%         3    None
 Animate Dead             Necr           N/A          22%         4    ###....
 Cause Fear               Hex            ###.......   22%         4    ###....
 Bolt of Magma            Conj/Fire/Erth #####.....   1%          5    #####..
 Iskenderun's Battlesphe  Conj/Chrm      ####....     8%          5    #####..
 Orb of Destruction       Conj           #####.....   28%         7    #######
 Agony                    Necr           ###.....     54%         5    #####..
 Silence                  Hex/Air        ###.......   75%         5    #####..
 Spellforged Servitor     Conj/Summ      ####......   88%         7    #######
 Darkness                 Hex            ###.......   98%         6    ######.
 Shadow Creatures         Summ           N/A          100%        6    ######.


Dungeon Overview and Level Annotations

Branches:
Dungeon (12/15)            Temple (0/1) D:7            Lair (5/6) D:11
 Shoals (0/4) Lair:3        Snake (0/4) Lair:2        Slime (0/5) Lair:5
    Orc (2/2) D:12        Ossuary (visited)           IceCv (visited)
Volcano (visited)
    Elf: Orc:2

Altars:
Ashenzari
Cheibriados
Dithmenos
Gozag
Makhleb
Qazlal
Ru
Sif Muna
Trog
Uskayaw
Vehumet
Wu Jian
Zin
The Shining One

Annotations:
D:10 Erica, Erolcha, Fannar
Orc:1 Sonja


Innate Abilities, Weirdness & Mutations

You are resistant to torment.
Your stone body is resilient. (AC +10)
You are immune to poison.
Your large and strong wings let you fly indefinitely.
You resist negative energy. (rN+)
You are resistant to electric shocks. (rElec)
You can survive without breathing.
You are immune to petrification.
You are immune to rotting.


Message History

* * * LOW HITPOINT WARNING * * *
The starcursed mass closely misses you.
Unknown command.
You hit the starcursed mass. You burn the starcursed mass.
The starcursed mass is almost destroyed.
The starcursed mass shudders and is absorbed by its neighbour.
The starcursed mass engulfs you but does no damage.
You hit the starcursed mass. You burn the starcursed mass.
The starcursed mass is severely damaged.
The starcursed mass shudders and is absorbed by its neighbour.
The starcursed mass misses you.
Casting: Sandblast (safe; 1% risk of failure)
Confirm with . or Enter, or press ? or * to list all spells.
Aiming: Stone Arrow (safe; 1% risk of failure)
Press: ? - help, Shift-Dir - straight line, f - starcursed mass
Aim: a starcursed mass (heavily damaged)
The stone arrow hits the starcursed mass!
The starcursed mass is severely damaged.
The starcursed mass shrieks in your mind.
You die...

#### ##..
. #..# #
# # ..
.####.#
..# ..
#.[X####
#
....#.@##
.#XX #
.#.. .
####
##.### #
.. . #. #
. .
#X#..#
#.#. .
... . #
#. # .#.
. # . . #
# #. X
##.. . .
# . ## #
## # .


You could see a starcursed mass.

Vanquished Creatures
  Rupert (Lair:3)
  A frost giant (IceCv)
  Snorg (Lair:4)
  A hydra (Lair:3)
  A catoblepas (Lair:4)
  A two-headed ogre (D:12)
  Urug (D:12)
  A death yak (Lair:3)
  A sun demon (Lair:5)
  An unseen horror (D:12)
  2 ugly things
  An orc sorcerer (Volcano)
  A manticore (Lair:3)
  Maurice (D:12)
  An ice statue (IceCv)
  3 black mambas
  6 spiny frogs
  A rime drake (Lair:4)
  2 komodo dragons
  16 polar bears
  5 trolls
  2 red devils (Volcano)
  Grinder (D:5)
  4 hippogriffs
  Sigmund (D:3)
  2 basilisks
  42 yaks
  A steam dragon (Lair:4)
  A hungry ghost (D:10)
  17 water moccasins
  2 soldier ants (D:8)
  3 hell hounds
  11 orc warriors
  8 porcupines
  4 sky beasts
  An ice beast (D:10)
  A hornet zombie (D:12)
  2 necrophages
  12 ogres
  A black bear (Lair:5)
  6 phantoms
  18 wolves
  7 centaurs
  10 crocodiles
  14 bullfrogs
  A water moccasin zombie (D:10)
  A wyvern skeleton (D:8)
  7 scorpions
  14 killer bees
  5 wights
  A howler monkey (D:6)
  4 electric eels
  4 bullfrog zombies
  3 starcursed masses (Abyss:2)
  7 crimson imps
  A quasit (D:7)
  A centaur zombie (D:11)
  3 bullfrog skeletons
  8 hounds
  3 jellies
  A gnoll shaman (Orc:1)
  13 orc priests
  29 orc wizards
  Crazy Yiuf (D:3)
  4 iguanas
  20 worker ants
  A hound zombie (D:6)
  A human simulacrum (D:9)
  A hound skeleton (D:5)
  11 mummies
  A worker ant zombie (D:7)
  Robin (D:3)
  11 gnolls
  16 adders
  4 shadow imps
  An adder skeleton (D:7)
  2 worms
  3 dart slugs
  11 leopard geckos
  84 orcs
  9 bats
  9 giant cockroaches
  2 gnoll zombies (Ossuary)
  21 goblins
  10 hobgoblins
  10 jackals
  5 quokkas
  5 ball pythons
  A ball python zombie (D:5)
  5 frilled lizards
  A jackal skeleton (D:6)
  15 kobolds
  2 kobold zombies
  6 orc zombies
  7 rats (D:1)
  A fungus (Lair:2)
  2 plants
610 creatures vanquished.

Vanquished Creatures (others)
  A human simulacrum (D:9)
  17 fungi
  9 plants
27 creatures vanquished.

Grand Total: 637 creatures vanquished

Notes
Turn   | Place    | Note
-------+----------+-------------------------------------------
     0 | D:1      | Illumine the Gargoyle Earth Elementalist began the quest
                  | for the Orb.
     0 | D:1      | Reached XP level 1. HP: 10/10 MP: 3/3
   141 | D:1      | Reached skill level 4 in Earth Magic
   163 | D:1      | Reached XP level 2. HP: 15/15 MP: 5/5
   520 | D:1      | Reached XP level 3. HP: 8/19 MP: 6/6
  1206 | D:1      | Reached skill level 1 in Maces & Flails
  1972 | D:2      | Reached XP level 4. HP: 15/24 MP: 5/7
  1978 | D:2      | Learned a level 3 spell: Stone Arrow
  2803 | D:3      | Upgraded the game from 0.25-a0-1001-g3a27ba4 to
                  | 0.25-a0-1002-gbcf8c60
  2860 | D:3      | Noticed Robin
  2865 | D:3      | Killed Robin
  3348 | D:3      | Reached XP level 5. HP: 28/28 MP: 6/9
  3393 | D:3      | Noticed Sigmund
  3428 | D:4      | HP: 1/28 [iguana (12)]
  3822 | D:4      | Reached skill level 5 in Earth Magic
  3963 | D:4      | Reached skill level 1 in Conjurations
  3963 | D:4      | Reached XP level 6. HP: 15/32 MP: 8/10
  4184 | D:4      | Reached skill level 1 in Shields
  4413 | D:4      | Reached XP level 7. HP: 36/36 MP: 9/12
  4956 | D:4      | Found a shattered altar of Ashenzari.
  5211 | D:4      | Reached skill level 6 in Earth Magic
  5211 | D:4      | Reached XP level 8. HP: 41/41 MP: 8/14
  5408 | D:4      | Found a hide-covered altar of Uskayaw.
  5546 | D:5      | Entered Level 5 of the Dungeon
  6061 | D:5      | Reached skill level 1 in Fighting
  6065 | D:5      | Reached skill level 1 in Armour
  6312 | D:5      | Noticed Grinder
  6321 | D:5      | Paralysed by Grinder for 5 turns
  6622 | D:6      | Found an ornate altar of the Wu Jian Council.
  7403 | D:3      | Found a runed translucent door.
  7404 | D:3      | Noticed Crazy Yiuf
  7409 | D:3      | Killed Crazy Yiuf
  7546 | D:3      | Killed Sigmund
  7546 | D:3      | Reached XP level 9. HP: 46/49 MP: 1/15
  7671 | D:3      | Found a glowing golden altar of the Shining One.
  7688 | D:3      | Found a sacrificial altar of Ru.
  7731 | D:3      | Found a stormy altar of Qazlal.
  8442 | D:5      | Killed Grinder
  8442 | D:5      | Reached skill level 7 in Earth Magic
  8925 | D:6      | Reached skill level 5 in Spellcasting
  9254 | D:6      | Learned a level 5 spell: Lee's Rapid Deconstruction
  9272 | D:6      | Found a radiant altar of Vehumet.
  9273 | D:6      | Found a burning altar of Makhleb.
  9289 | D:6      | Became a worshipper of Vehumet
  9864 | D:7      | Reached skill level 5 in Maces & Flails
 10176 | D:7      | Reached skill level 5 in Conjurations
 10201 | D:7      | Reached XP level 10. HP: 23/56 MP: 7/18
 10816 | D:7      | Found a staircase to the Ecumenical Temple.
 11019 | D:7      | Reached skill level 5 in Dodging
 11156 | D:7      | Reached * piety under Vehumet
 11156 | D:7      | Offered knowledge of Shock by Vehumet.
 11201 | D:7      | Reached skill level 8 in Earth Magic
 11484 | D:7      | Upgraded the game from 0.25-a0-1002-gbcf8c60 to
                  | 0.25-a0-1004-g47ef49a
 11698 | D:7      | Found a glowing silver altar of Zin.
 11772 | D:7      | Reached skill level 1 in Evocations
 12047 | D:8      | Found a sand-covered staircase.
 12058 | Ossuary  | Entered an ossuary
 12189 | Ossuary  | Reached ** piety under Vehumet
 12189 | Ossuary  | Offered knowledge of Magic Dart by Vehumet.
 12584 | D:8      | Reached skill level 5 in Fighting
 12970 | D:8      | Reached skill level 5 in Armour
 13096 | D:8      | Found a bloodstained altar of Trog.
 13455 | D:9      | Got a transparent wooden ring
 13456 | D:9      | Identified the ring "Rozoxke" {rCorr Dex+2} (You found it
                  | on level 9 of the Dungeon)
 13483 | D:9      | Reached XP level 11. HP: 55/64 MP: 14/20
 13759 | D:9      | Found a snail-covered altar of Cheibriados.
 13827 | D:9      | Offered knowledge of Mephitic Cloud by Vehumet.
 14449 | D:9      | Found an opulent altar of Gozag.
 14482 | D:9      | Reached *** piety under Vehumet
 14929 | D:9      | Learned a level 5 spell: Borgnjor's Vile Clutch
 14995 | D:10     | Entered Level 10 of the Dungeon
 15026 | D:10     | Noticed Erolcha
 15149 | D:10     | Reached skill level 9 in Earth Magic
 15319 | D:10     | Learned a level 1 spell: Apportation
 15765 | D:10     | Noticed Erica
 15797 | D:10     | Offered knowledge of Dazzling Flash by Vehumet.
 15807 | D:10     | Learned a level 3 spell: Dazzling Flash
 15816 | D:10     | Noticed Fannar
 15920 | D:11     | Found a shimmering blue altar of Sif Muna.
 16062 | D:11     | Noticed a green ugly thing
 16074 | D:11     | Killed a green ugly thing
 16074 | D:11     | Reached skill level 1 in Necromancy
 16214 | D:11     | Found a shadowy altar of Dithmenos.
 16384 | D:11     | Found a staircase to the Lair.
 16689 | D:11     | Reached **** piety under Vehumet
 16775 | Lair:1   | Entered Level 1 of the Lair of Beasts
 16862 | Lair:1   | Offered knowledge of Fireball by Vehumet.
 16862 | Lair:1   | Reached skill level 1 in Hexes
 16935 | Lair:1   | Learned a level 5 spell: Fireball
 18549 | Lair:2   | Reached XP level 12. HP: 51/71 MP: 3/22
 18775 | Lair:2   | Found a staircase to the Snake Pit.
 19816 | Lair:3   | Found a staircase to the Shoals.
 19978 | Lair:3   | Noticed a five-headed hydra
 20058 | Lair:3   | Killed a five-headed hydra
 20058 | Lair:3   | Reached skill level 1 in Fire Magic
 20382 | Lair:3   | Reached skill level 10 in Earth Magic
 21422 | Lair:4   | Found a frozen archway.
 21426 | IceCv    | Entered an ice cave
 22055 | IceCv    | Learned a level 6 spell: Iron Shot
 22476 | IceCv    | Reached XP level 13. HP: 47/78 MP: 4/24
 22858 | IceCv    | Noticed a frost giant
 23048 | IceCv    | Killed a frost giant
 23951 | Lair:4   | Reached skill level 11 in Earth Magic
 24210 | Lair:4   | Noticed Rupert
 24230 | Lair:4   | Paralysed by Rupert for 6 turns
 24894 | Lair:3   | Found a staircase to the Shoals.
 25023 | Lair:3   | Killed Rupert
 25200 | Lair:4   | Upgraded the game from 0.25-a0-1004-g47ef49a to
                  | 0.25-a0-1007-g10a8c3c
 25734 | Lair:4   | Noticed Snorg
 25746 | Lair:4   | Killed Snorg
 26482 | Lair:5   | Found a dark tunnel.
 26505 | Volcano  | Entered a volcano
 26530 | Volcano  | Reached skill level 5 in Shields
 26681 | Volcano  | Reached skill level 5 in Fire Magic
 27710 | D:12     | Found a staircase to the Orcish Mines.
 27748 | D:12     | Reached ***** piety under Vehumet
 27776 | D:12     | Offered knowledge of Conjure Ball Lightning by Vehumet.
 28166 | D:12     | Noticed Maurice
 28184 | D:12     | Killed Maurice
 28316 | D:12     | Reached skill level 1 in Staves
 28709 | D:12     | Noticed Urug
 28715 | D:12     | Killed Urug
 28715 | D:12     | Gained mutation: Your large and strong wings let you fly
                  | indefinitely. [Gargoyle growth]
 28715 | D:12     | Reached XP level 14. HP: 70/86 MP: 8/26
 29303 | Orc:1    | Entered Level 1 of the Orcish Mines
 29369 | D:12     | Offered knowledge of Fulminant Prism by Vehumet.
 29947 | Orc:2    | Entered Level 2 of the Orcish Mines
 30289 | Orc:1    | Noticed Sonja
 30301 | Orc:1    | Cast into level 2 of the Abyss (Sonja)
 30307 | Abyss:2  | Noticed a starcursed mass
 30309 | Abyss:2  | Found a corrupted altar of Lugonu.
 30359 | Abyss:2  | Noticed a starcursed mass
 30396 | Abyss:2  | HP: 3/86 [starcursed mass (12)]
 30407 | Abyss:2  | Killed from afar by a starcursed mass

Illustrated notes

Levels and vault maps discovered:
D:1:      psy_arrival_statuary, layout_basic, hangedman_decor_points,
          minmay_octomino_c4
D:2:      layout_basic, st_stairs_8
D:3:      layout_loops_cross, nicolae_ru_sacrificial_ziggurat,
          nicolae_qazlal_general_emergency, lemuel_doored_altar, uniq_sigmund,
          uniq_crazy_yiuf_cottage, uniq_robin
D:4:      layout_cave_pods, evilmike_ruin_ashenzari, kennysheep_little_box,
          first_ration, minivault_19
D:5:      cheibrodos_helix_gallery, layout_cave_pools, grunt_ministairs_13,
          uniq_grinder
D:6:      layout_basic, grunt_temple_overflow_lords_of_destruction,
          lemuel_round_altar, chequers_big_river,
          chequers_hall_statues_corner_a, corexii_shack, kennysheep_small_square
D:7:      minmay_polygon_palace, layout_basic, zin_academy,
          minmay_temple_entry_grid
D:8:      layout_rooms, nicolae_overflow_crystal_walls,
          nicolae_ossuary_entry_giza, hangedman_pestilent_swarm
D:9:      layout_long_grid, slow_altar_1, nicolae_gozag_seed_capital,
          bh_circular_ruins
D:10:     layout_basic, serial_undead, serial_undead_b, serial_undead_a,
          serial_undead_c, serial_undead_f, uniq_erolcha, uniq_erica,
          uniq_fannar
D:11:     layout_basic, dpeg_oklobed_lair, basic_altar, minmay_crystal_water,
          grunt_dithmenos_smoke
D:12:     layout_grid_maze, hiddenorc2_lemuel, minmay_unpleasant_kobolds,
          uniq_urug, uniq_maurice
Lair:1:   layout_chaotic_city
Lair:2:   layout_roguey, minmay_snake_entry_six_corridors
Lair:3:   layout_long_grid, minmay_shoals_entry_beasts
Lair:4:   layout_loops_ring, portal_ice_cave_entry_pillars_2,
          nicolae_lair_yak_garden, infiniplex_staircase_pool, uniq_snorg,
          uniq_rupert
Lair:5:   layout_roguey, slime_altar_2, enter_volcano_3, serial_bayou_lake_a
Orc:1:    layout_caves, uniq_sonja
Orc:2:    st_orc_ogre_mass, layout_caves
Abyss:2:  base:
D:11

Skill      XL: |  1  2  3  4  5  6  7  8  9 10 11 12 13 14 |
---------------+-------------------------------------------+-----
Earth Magic    | 4 5 6 7 8 9 10 11 | 11.7
Dodging        | 2 3 4 5 6 7 8 |  8.2
Maces & Flails | 1 2 3 4 5 6 7 |  7.0
Spellcasting   | 3 4 5 6 7 8 |  8.9
Conjurations   | 1 2 4 5 6 7 8 9 |  9.9
Shields        | 1 3 4 5 |  5.1
Fighting       | 2 4 5 6 8 9 |  9.5
Armour         | 2 3 5 6 |  6.0
Evocations     | 1 |  1.0
Necromancy     | 2 3 |  3.0
Hexes          | 2 3 |  3.0
Fire Magic     | 3 5 |  5.6
Staves         | 1 2 |  2.7
Stealth        | |  2.2
Transmutations | |  0.7

Action                   |  1- 3 |  4- 6 |  7- 9 | 10-12 | 13-15 || total
-------------------------+-------+-------+-------+-------+-------++-------
Melee: Whip              |   187 |   137 |   276 |   646 |    66 ||  1312
       Lajatang          |       |       |       |       |   188 ||   188
 Cast: Sandblast         |     7 |    40 |   119 |    40 |     9 ||   215
       Stone Arrow       |       |       |    17 |   333 |   218 ||   568
       Dazzling Flash    |       |       |       |     1 |       ||     1
       Lee's Rapid Decon |       |       |       |     7 |     8 ||    15
       Borgnjor's Vile C |       |       |       |     1 |     4 ||     5
       Iron Shot         |       |       |       |       |    19 ||    19
       Fireball          |       |       |       |       |     2 ||     2
       Apportation       |       |       |       |       |     1 ||     1
Evoke: Wand              |       |       |       |     1 |     9 ||    10
  Use: Scroll            |       |     5 |     7 |    19 |     6 ||    37
       Potion            |       |       |     1 |     1 |     3 ||     5
 Stab: Sleeping          |     6 |       |     2 |     3 |       ||    11
  Eat: Chunk             |     4 |     8 |    28 |    56 |    33 ||   129
Armor: Robe              |    95 |    60 |    98 |   247 |   137 ||   637
Dodge: Dodged            |   134 |    94 |   213 |   449 |   302 ||  1192
Block: Buckler           |       |       |    76 |   137 |    20 ||   233
       Kite shield       |       |       |       |       |    12 ||    12

Table legend:
 A = Non-vault XP
 B = Vault XP
 C = Vault XP percentage of total XP
 D = Non-vault monster count
 E = Vault monster count
 F = Vault count percentage of total count
                 A         B        C        D         E       F
            +---------+---------+-------+---------+---------+-------
      Total |   33007 |   26590 |  44.6 |     422 |     185 |  30.5
            +---------+---------+-------+---------+---------+-------
        D:1 |      60 |      11 |  15.5 |      36 |       5 |  12.2
        D:2 |      35 |       9 |  20.5 |      17 |       5 |  22.7
        D:3 |     224 |     296 |  56.9 |      28 |       9 |  24.3
        D:4 |    1040 |       0 |   0.0 |      34 |       0 |   0.0
        D:5 |     788 |     361 |  31.4 |      22 |       3 |  12.0
        D:6 |     833 |     166 |  16.6 |      23 |       4 |  14.8
        D:7 |    1949 |    1033 |  34.6 |      31 |      17 |  35.4
        D:8 |    1498 |     394 |  20.8 |      15 |       7 |  31.8
        D:9 |    2685 |      38 |   1.4 |      34 |       2 |   5.6
       D:10 |    1420 |     176 |  11.0 |      13 |       4 |  23.5
       D:11 |    1557 |       0 |   0.0 |      17 |       0 |   0.0
       D:12 |    3678 |    1720 |  31.9 |      37 |      40 |  51.9
     Lair:1 |    2566 |       0 |   0.0 |      16 |       0 |   0.0
     Lair:2 |    1748 |    2351 |  57.4 |      11 |      20 |  64.5
     Lair:3 |    4677 |    4339 |  48.1 |      21 |       4 |  16.0
     Lair:4 |    5167 |    2656 |  34.0 |      27 |       5 |  15.6
     Lair:5 |     513 |    1098 |  68.2 |       2 |       3 |  60.0
      Orc:1 |     775 |       0 |   0.0 |      21 |       0 |   0.0
      Orc:2 |    1086 |       0 |   0.0 |      14 |       0 |   0.0
    Abyss:2 |     708 |       0 |   0.0 |       3 |       0 |   0.0
    Ossuary |       0 |     153 | 100.0 |       0 |      16 | 100.0
      IceCv |       0 |    9914 | 100.0 |       0 |      36 | 100.0
    Volcano |       0 |    1875 | 100.0 |       0 |       5 | 100.0
            +---------+---------+-------+---------+---------+-------
